Map: Ice and Chrome LE

Players

Probe - Winner!

  • Race: Protoss Protoss
  • Spawn Location: 1:00

Seither

  • Race: Terran Terran
  • Spawn Location: 7:00

Event: DreamHack SC2 Masters 2020 Summer Oceania RoA

VOD

Have the link to the VOD?

Description

Time

  • Played on: June 27, 2020, 5:50 a.m.
  • Length: 28:16

All games in this series

Show
View Real Time Build Order
Export as new Build Order

Probe Protoss - Winner!

Build Orders: 1 Gate Expand 

Get SALT Encoding   

  12  0:00  Probe  
  13  0:12  Probe  
  14  0:17  Pylon  
  14  0:24  Probe  
  15  0:32  Probe  
  15  0:37  Gateway  
  15  0:40  Probe  
  16  0:47  Assimilator  
  17  0:51  Probe  
  18  1:03  Probe  
  19  1:15  Probe  
  20  1:23  Nexus  
  20  1:32  Cybernetics Core  
  20  1:34  Probe  
  21  1:42  Assimilator  
  21  1:46  Probe  
  22  1:52  Pylon  
  22  1:58  Probe  
  22  2:00  Adept  
  23  2:06  Probe  
  23  2:08  Warp Gate  
  26  2:16  Probe  
  27  2:27  Probe, Robotics Facility  
  27  2:29  Stalker  
  28  2:36  Probe  
  29  2:39  Probe  
  32  2:48  Probe  
  32  2:52  Probe  
  33  3:00  Probe  
  33  3:04  Probe  
  33  3:05  Gateway  
  35  3:08  Observer  
  35  3:12  Probe  
  36  3:16  Probe  
  36  3:18  Robotics Bay  
  38  3:23  Shield Battery  
  38  3:24  Probe  
  39  3:27  Pylon  
  39  3:28  Probe  
  39  3:29  Observer  
  39  3:34  Assimilator  
  41  3:36  Probe  
  41  3:40  Probe  
  43  3:41  Warp Prism  
  43  3:45  Gateway  
  43  3:48  Probe  
  44  4:04  Probe  
  44  4:06  Probe  
  44  4:07  Disruptor  
  43  4:16  Probe  
  43  4:17  Gravitic Drive  
  44  4:18  Probe  
  48  4:26  Pylon  
  48  4:28  Probe  
  48  4:30  Probe  
  49  4:40  Probe  
  49  4:41  Nexus  
  49  4:42  Probe  
  51  4:47  Twilight Council  
  51  4:50  Sentry  
  51  4:52  Probe  
  54  4:54  Probe, Disruptor  
  55  5:01  Forge  
  55  5:04  Probe  
  55  5:06  Probe, Blink  
  60  5:16  Probe  
  60  5:17  Pylon  
  60  5:18  Probe, Pylon  
  62  5:37  Gateway  
  62  5:38  Gateway  
  62  5:39  Gateway  
  62  5:44  Gateway  
  62  5:45  Gateway  
  62  5:48  Sentry  
  62  5:49  Assimilator  
  64  5:54  Probe x3  
  67  5:58  Protoss Ground Weapons Level 1  
  67  5:59  Stalker  
  69  6:06  Probe, Stalker  
  72  6:11  Probe  
  72  6:12  Probe  
  72  6:13  Zealot  
  72  6:14  Pylon  
  76  6:24  Stalker  
  78  6:28  Pylon  
  78  6:34  Stalker x4  
  78  6:35  Stalker  
  88  6:42  Shield Battery  
  88  6:44  Shield Battery  
  88  6:52  Probe x3  
  91  6:56  Stalker x2, Zealot  
  97  7:04  Probe x3  
  97  7:06  Charge  
  100  7:12  Pylon  
  100  7:14  Pylon  
  103  7:16  Probe x2  
  103  7:17  Probe  
  106  7:28  Probe  
  107  7:31  Probe, Robotics Facility  
  107  7:32  Assimilator  
  107  7:33  Assimilator  
  107  7:34  Disruptor  
  107  7:35  Stalker  
  107  7:36  Stalker x2  
  109  7:43  Pylon  
  109  7:45  Pylon  
  110  7:51  Probe x3  
  110  7:52  Pylon  
  110  7:54  Zealot x2  
  114  8:03  Probe x2  
  114  8:06  Zealot  
  114  8:08  Protoss Ground Armor Level 1  
  114  8:09  Stalker x4  
  114  8:10  Disruptor  
  127  8:15  Zealot  
  127  8:19  Disruptor  
  129  8:23  Zealot x2  
  136  8:32  Zealot x2  
  140  8:35  Pylon  
  140  8:39  Pylon  
  140  8:50  Disruptor  
  140  8:52  Forge  
  141  8:56  Stalker  
  141  8:57  Stalker x3  
  141  8:58  Disruptor  
  148  9:04  Protoss Ground Weapons Level 2  
  151  9:11  Zealot x2  
  155  9:17  Disruptor  
  156  9:31  Nexus  
  156  9:32  Pylon  
  156  9:34  Pylon  
  156  9:35  Pylon  
  156  9:51  Zealot x4  
  156  9:52  Zealot x4  
  166  10:03  Disruptor  
  166  10:04  Disruptor  
  166  10:14  Zealot x7  
  174  10:26  Probe  
  174  10:28  Stalker  
  166  10:36  Stalker  
  166  10:37  Stalker  
  166  10:39  Probe x2, Disruptor  
  170  10:45  Protoss Ground Armor Level 2  
  170  10:46  Probe  
  170  10:47  Probe x2  
  170  10:48  Probe  
  164  10:55  Probe x2  
  157  10:57  Observer  
  157  10:58  Probe  
  157  11:00  Probe  
  157  11:05  Dark Shrine  
  157  11:06  Probe x2  
  157  11:10  Probe  
  160  11:12  Probe  
  160  11:14  Probe x2  
  160  11:15  Observer  
  164  11:20  Templar Archives  
  164  11:21  Zealot x3  
  170  11:27  Zealot x2  
  170  11:28  Probe x2  
  170  11:31  Probe  
  177  11:33  Protoss Ground Weapons Level 3  
  177  11:36  Stalker x3  
  183  11:41  Probe  
  179  11:56  Psionic Storm  
  179  11:59  Stalker x3  
  179  12:00  Stalker  
  179  12:01  Probe x2  
  180  12:04  Probe x2  
  180  12:07  High Templar  
  179  12:08  High Templar  
  179  12:13  Probe x2  
  181  12:16  Probe x2  
  181  12:18  Dark Templar  
  185  12:25  Probe x2  
  185  12:28  Probe  
  183  12:33  High Templar  
  183  12:36  Assimilator  
  182  12:37  Assimilator  
  182  12:40  Stargate  
  182  12:43  Stalker x2  
  186  12:46  Zealot  
  186  12:47  Pylon, Zealot  
  186  12:48  Nexus  
  186  12:51  Dark Templar x2  
  188  13:10  Nexus  
  188  13:20  Pylon  
  188  13:22  Pylon  
  184  13:29  Dark Templar x2  
  188  13:36  Pylon  
  188  13:38  Shield Battery  
  188  13:39  Shield Battery  
  182  13:47  Zealot x6  
  188  14:00  Probe, Fleet Beacon  
  188  14:01  Probe x3  
  192  14:04  Stargate  
  192  14:06  Protoss Ground Armor Level 3  
  192  14:23  Probe x3, High Templar x2  
  192  14:24  Probe  
  200  14:33  Protoss Air Weapons Level 1  
  200  14:41  Pylon  
  200  14:43  Assimilator  
  200  14:45  Assimilator  
  194  15:02  Zealot  
  194  15:03  Zealot x2  
  200  15:10  Photon Cannon  
  200  15:16  Photon Cannon  
  200  15:19  Zealot x5  
  176  15:26  Tempest x2  
  176  15:28  Zealot x2, Dark Templar  
  146  15:48  Zealot  
  146  15:49  Zealot, High Templar x4  
  158  15:53  Protoss Shields Level 1, Colossus  
  158  15:54  Colossus  
  158  15:56  Archon  
  170  15:59  Dark Templar  
  172  16:04  Tempest  
  172  16:07  Tempest  
  182  16:21  High Templar x2  
  182  16:25  Photon Cannon x2, High Templar  
  184  16:26  Shield Battery, Photon Cannon, High Templar x3  
  184  16:27  Shield Battery  
  184  16:29  Photon Cannon x2  
  184  16:30  Photon Cannon  
  184  16:32  Zealot  
  194  16:34  Shield Battery  
  194  16:35  Nexus  
  194  16:37  Shield Battery  
  194  16:38  Pylon  
  190  16:49  Protoss Air Weapons Level 2  
  190  16:51  Tempest  
  190  16:53  Observer x2  
  192  16:57  Shadow Stride  
  197  17:01  Photon Cannon  
  197  17:03  Pylon, Photon Cannon  
  197  17:04  High Templar  
  197  17:05  Shield Battery, Photon Cannon  
  197  17:06  Shield Battery  
  199  17:27  Photon Cannon  
  197  17:45  Dark Templar  
  199  18:00  Stargate  
  199  18:02  Assimilator  
  199  18:05  Pylon, Assimilator  
  199  18:09  Pylon  
  185  18:29  Zealot  
  185  18:30  Zealot x6  
  199  18:40  Observer  
  200  18:41  Gateway  
  200  18:44  Stargate  
  200  18:45  Gateway  
  200  18:47  Stargate  
  200  18:55  Gateway  
  200  18:59  Gateway  
  200  19:00  Gateway  
  200  19:01  Nexus  
  200  19:02  Gateway  
  198  19:06  Gateway  
  198  19:07  Dark Templar x3  
  196  19:11  Gateway  
  196  19:14  Gateway  
  196  19:21  Observer  
  188  19:38  Zealot  
  188  19:39  Zealot x5  
  188  19:54  Pylon  
  188  19:56  Tempest x2, Observer  
  192  20:22  Zealot x4  
  200  20:29  Protoss Shields Level 2  
  200  20:42  Protoss Air Weapons Level 3  
  196  20:46  Dark Templar x2  
  198  21:02  Tempest x2  
  192  21:14  Zealot x4  
  200  21:23  High Templar x3  
  200  21:33  Nexus  
  200  21:45  Nexus  
  187  21:53  Disruptor x2  
  189  22:02  Zealot x5  
  189  22:03  Pylon, Zealot  
  186  22:41  Dark Templar x9  
  200  22:48  Nexus  
  200  22:52  Pylon  
  200  23:05  Pylon  
  194  23:14  Nexus  
  194  23:16  Pylon  
  194  23:19  Pylon  
  177  23:23  High Templar x2  
  177  23:24  High Templar x5  
  177  23:27  Zealot x7  
  196  23:42  Dark Templar x2  
  200  24:19  Dark Templar  
  200  24:20  Dark Templar x4  
  194  24:37  Zealot x6  
  194  24:38  Dark Templar x2  
  173  24:58  Zealot x11  
  173  24:59  Zealot x4  
  161  25:00  Tempest x2  
  161  25:01  Tempest  
  136  25:14  Dark Templar x2  
  136  25:18  Dark Templar  
  136  25:19  Zealot, Dark Templar x5  
  136  25:20  Zealot x8  
  137  25:30  Colossus  
  137  25:31  Colossus  
  144  25:41  Zealot x9  
  160  25:47  Archon x4  
  160  25:51  Assimilator  
  160  25:52  Assimilator, Nexus  
  160  25:53  Photon Cannon  
  160  25:55  Shield Battery, Photon Cannon  
  160  25:57  Photon Cannon  
  160  25:58  Shield Battery  
  160  25:59  Pylon, Zealot x3  
  160  26:00  Pylon, Zealot x3  
  165  26:11  High Templar x3  
  171  26:30  Zealot x9  
  187  26:40  Photon Cannon  
  187  26:51  Zealot x6  
  175  27:00  Probe x5  
  160  27:13  High Templar x2  
  160  27:14  High Templar x3  
  165  27:21  Probe x4  
  169  27:32  Dark Templar  
  169  27:47  Zealot x4  
  169  27:48  Zealot x3  
  167  27:59  Archon  
Show
View Real Time Build Order
Export as new Build Order

Seither Terran 

Build Orders: Reaper Expand 

Get SALT Encoding   

  12  0:00  SCV  
  13  0:12  SCV  
  14  0:17  Supply Depot  
  14  0:24  SCV  
  15  0:38  SCV  
  15  0:40  Barracks  
  16  0:43  Refinery  
  16  0:51  SCV  
  17  1:03  SCV  
  18  1:15  SCV  
  19  1:28  Reaper, Orbital Command  
  20  1:47  Command Center  
  21  1:54  SCV, Supply Depot  
  21  2:00  Marine  
  22  2:07  SCV  
  23  2:14  Factory  
  23  2:19  SCV  
  23  2:20  Barracks Reactor  
  24  2:24  Refinery  
  24  2:31  SCV  
  25  2:39  Bunker  
  25  2:43  SCV  
  26  2:56  SCV  
  27  3:00  Starport  
  27  3:01  Orbital Command  
  27  3:05  Hellion  
  29  3:08  SCV  
  29  3:09  Hellion  
  29  3:12  Barracks Tech Lab  
  32  3:20  SCV  
  33  3:28  SCV, Supply Depot  
  33  3:32  SCV  
  35  3:36  Marine  
  35  3:37  Marine  
  37  3:42  SCV  
  37  3:44  SCV, Raven  
  37  3:45  Supply Depot  
  37  3:46  Factory Tech Lab  
  41  3:49  Supply Depot  
  41  3:54  SCV  
  42  3:56  SCV  
  39  4:11  Marine x2  
  39  4:12  SCV x2, Siege Tank  
  45  4:20  Command Center  
  45  4:24  SCV x2  
  45  4:30  Viking  
  45  4:31  Marine x2  
  51  4:37  SCV x2  
  53  4:44  Barracks  
  53  4:46  Barracks  
  53  4:47  Siege Tank  
  53  4:51  SCV x2  
  58  4:55  Supply Depot  
  58  4:56  Marine x2  
  60  5:02  Refinery  
  60  5:03  Refinery  
  60  5:06  SCV  
  61  5:07  Engineering Bay  
  61  5:14  Starport Reactor, Marine  
  61  5:15  SCV  
  61  5:18  SCV, Supply Depot  
  64  5:28  SCV  
  65  5:30  SCV  
  65  5:33  Orbital Command  
  65  5:34  Terran Infantry Weapons Level 1  
  65  5:35  Barracks  
  66  5:36  Barracks  
  66  5:41  Stimpack  
  66  5:43  Marauder x2  
  66  5:45  SCV  
  66  5:49  Marine x2  
  73  5:51  Combat Shield  
  73  5:54  SCV  
  74  5:57  SCV  
  74  6:01  Orbital Command  
  74  6:02  Medivac  
  74  6:03  Medivac  
  78  6:12  Marauder x2, Missile Turret, Marine x2  
  78  6:14  Missile Turret  
  78  6:16  SCV  
  78  6:17  SCV  
  86  6:27  SCV  
  86  6:29  SCV  
  88  6:33  Marauder  
  88  6:34  Marauder  
  88  6:37  Barracks Reactor, Marine x2, Barracks Tech Lab  
  88  6:38  Medivac  
  96  6:45  SCV x2  
  98  6:47  SCV  
  98  6:49  Supply Depot  
  98  6:50  Supply Depot  
  99  6:55  Marauder  
  99  6:56  Supply Depot  
  99  6:58  Supply Depot  
  101  7:07  Ghost Academy  
  101  7:10  SCV x2, Marine x2  
  101  7:11  Viking x2, SCV, Marauder x2  
  101  7:13  Refinery  
  101  7:14  Refinery  
  101  7:15  Supply Depot  
  114  7:16  Marauder  
  114  7:23  Marine x2  
  114  7:25  SCV x2  
  117  7:32  Marauder x2  
  117  7:33  Marine  
  122  7:38  Marauder  
  122  7:43  Marine x2, Factory Tech Lab  
  106  7:48  SCV x3  
  106  7:49  Supply Depot  
  109  7:53  Marauder x2  
  109  7:55  Command Center  
  109  7:57  Marine x2, Terran Infantry Armor Level 1  
  115  7:59  Marauder  
  115  8:00  SCV x2  
  119  8:07  Medivac x2  
  119  8:08  Marine x2  
  119  8:12  SCV x2  
  127  8:13  SCV  
  127  8:15  Supply Depot, Marauder x2  
  127  8:19  Marine x2  
  134  8:26  Factory  
  133  8:29  Missile Turret  
  133  8:32  Missile Turret  
  133  8:35  Marauder, Marine x2  
  133  8:36  Marauder x2  
  133  8:38  SCV x3  
  133  8:39  Supply Depot  
  133  8:41  Medivac  
  146  8:47  Sensor Tower  
  146  9:04  Marauder, Marine x2  
  146  9:05  Marauder x2, Siege Tank  
  146  9:09  Armory, Engineering Bay  
  148  9:14  Factory Tech Lab  
  148  9:15  Medivac x2  
  152  9:21  SCV  
  152  9:22  SCV x2  
  155  9:25  Bunker  
  155  9:29  Marauder x3, Marine x3  
  164  9:35  Barracks  
  164  9:36  Barracks  
  164  9:37  Barracks, Siege Tank  
  165  9:40  Siege Tank  
  165  9:41  Planetary Fortress  
  168  9:45  SCV  
  168  9:46  SCV x2, Supply Depot, Missile Turret  
  158  10:05  Marauder x3, Marine x2, Liberator x2  
  158  10:09  SCV x3  
  158  10:12  Siege Tank  
  158  10:13  Siege Tank  
  152  10:25  Marine  
  152  10:26  Marauder x3, Marine x2  
  157  10:33  Marine  
  158  10:43  SCV x3  
  158  10:44  Siege Tank  
  158  10:45  Refinery, Siege Tank  
  158  10:46  Refinery  
  167  10:54  SCV  
  167  10:55  SCV  
  166  11:03  SCV x2  
  168  11:09  Marauder, Marine x2  
  168  11:10  Marauder x2  
  168  11:11  SCV x2  
  178  11:16  Siege Tank  
  178  11:17  Refinery, Siege Tank  
  184  11:21  SCV x2  
  186  11:28  Supply Depot  
  186  11:31  Marauder  
  188  11:33  Marauder  
  188  11:39  Command Center  
  188  11:40  Engineering Bay  
  188  11:41  Engineering Bay  
  188  11:43  Armory, Marine  
  188  11:44  Marauder  
  188  11:49  Medivac x2, Marine x2  
  188  11:52  Supply Depot, Marauder  
  198  11:54  Marauder  
  195  12:05  Marauder, Marine x2  
  196  12:14  Marauder  
  200  12:15  Marauder  
  196  12:34  Command Center  
  196  12:36  Marauder x2  
  200  12:47  Supply Depot  
  188  12:59  Marauder  
  188  13:03  Missile Turret  
  188  13:05  Missile Turret  
  188  13:08  Marine x2  
  188  13:09  Marauder, Command Center x2, Siege Tank  
  195  13:21  Marine  
  195  13:22  Terran Infantry Armor Level 2, Terran Infantry Weapons Level 2  
  196  13:27  Barracks  
  196  13:29  Barracks  
  196  13:41  Missile Turret  
  196  13:45  SCV, Marauder  
  196  13:46  SCV, Siege Tank  
  200  13:52  Terran Vehicle Weapons Level 1  
  200  13:55  Marine  
  200  13:56  Marine  
  200  13:57  Marine  
  200  13:58  Marauder, Sensor Tower  
  200  14:19  Marauder  
  200  14:21  Siege Tank  
  200  14:22  Orbital Command x2  
  198  14:25  Marine x2  
  198  14:26  Planetary Fortress  
  198  14:27  Missile Turret  
  200  14:37  Command Center  
  200  14:39  Barracks  
  200  14:40  Barracks  
  200  14:42  Ghost Academy  
  200  14:59  Medivac x2  
  199  15:04  Marine  
  199  15:05  Marine  
  200  15:20  Marauder x2, Marine x3  
  200  15:21  Marauder, Siege Tank x2  
  144  15:33  Marine x2  
  124  15:42  SCV x4, Marauder x2  
  126  15:43  Command Center  
  126  15:45  Marauder  
  126  15:46  Barracks Tech Lab x2  
  126  15:47  Terran Vehicle Weapons Level 2, Terran Infantry Weapons Level 3, Terran Infantry Armor Level 3  
  126  15:48  Barracks Tech Lab  
  126  15:49  Medivac x2, Marine  
  133  15:53  Siege Tank x2  
  133  15:55  Marine x2, Sensor Tower  
  133  15:56  Marine  
  143  16:03  Marauder x2, Barracks Tech Lab  
  146  16:05  Orbital Command  
  146  16:06  Marauder  
  148  16:11  Marine  
  148  16:12  Missile Turret, Marine x3  
  148  16:13  Marine  
  153  16:24  Marauder  
  153  16:25  Marauder, Siege Tank x2  
  163  16:28  Marauder  
  163  16:29  Ghost x2  
  163  16:30  Marauder, Marine x3  
  174  16:39  Ghost  
  175  16:40  Enhanced Shockwaves  
  175  16:46  Marauder x2  
  178  16:49  Marauder  
  178  16:50  Ghost  
  182  16:58  Ghost  
  190  17:05  Ghost  
  190  17:06  Ghost x2  
  190  17:07  Marine x3  
  199  17:11  Missile Turret  
  199  17:14  Thor  
  199  17:27  Viking  
  199  17:46  Planetary Fortress  
  199  17:48  Missile Turret  
  193  17:52  Ghost Academy  
  193  17:55  Ghost Academy  
  193  17:57  Ghost Academy  
  192  17:59  Refinery, Sensor Tower, Nuke  
  192  18:00  Refinery  
  192  18:01  Thor  
  192  18:02  Viking  
  200  18:18  Starport  
  200  18:19  Starport  
  200  18:24  Thor  
  190  18:31  Nuke  
  190  18:32  Nuke x2  
  190  18:44  Thor  
  190  18:45  Command Center  
  196  18:52  Viking  
  196  18:53  Viking  
  196  18:55  Terran Ship Weapons Level 1  
  197  19:20  Marine x2  
  197  19:21  Marauder  
  193  19:37  Nuke x2  
  192  19:39  Thor  
  192  19:42  Starport Reactor x2  
  195  19:48  Ghost x2  
  197  20:04  Marine  
  197  20:05  Marine x2  
  191  20:12  Orbital Command  
  191  20:14  Orbital Command, Missile Turret  
  191  20:18  Marine x3  
  191  20:19  Marauder x3  
  191  20:20  Viking, Sensor Tower  
  197  20:39  Command Center  
  193  20:59  Marine x2  
  193  21:00  Viking, Marauder x2  
  198  21:04  Nuke x2  
  198  21:08  SCV x2  
  200  21:13  Missile Turret  
  200  21:23  Terran Ship Weapons Level 2  
  200  21:38  Refinery  
  197  21:52  Ghost x2  
  197  21:53  Viking x2  
  195  22:02  Viking x2  
  195  22:06  Missile Turret  
  197  22:10  Ghost  
  197  22:15  Refinery  
  199  22:16  Refinery  
  193  22:27  Marine x2  
  193  22:28  Viking, Marauder x2  
  193  22:29  Viking  
  192  22:30  Viking x2  
  192  22:35  Ghost x2  
  200  22:49  Missile Turret  
  200  22:54  Command Center  
  186  23:11  Viking x2  
  186  23:12  Viking x3  
  175  23:31  Siege Tank x2  
  175  23:33  SCV x5  
  183  23:39  Refinery  
  183  23:47  Viking x4  
  191  23:54  Marine x2  
  191  23:55  Marauder x4, Marine x2  
  197  24:18  Marauder, Marine  
  186  24:40  Marauder, Marine x2  
  186  24:41  Marauder  
  174  24:51  Marine x2  
  174  24:52  Marauder x2  
  148  24:55  Marine  
  148  24:56  Viking x3, Thor  
  148  24:58  Hellbat  
  148  25:00  Marine x2  
  148  25:01  Marauder x2  
  148  25:02  Viking x2  
  148  25:04  Marine x2  
  150  25:09  Medivac, Marine x2  
  150  25:13  Marauder x2, Marine  
  147  25:18  Marine x2  
  141  25:22  Marauder x2, Marine  
  141  25:23  Marauder  
  141  25:26  Viking x2, Medivac  
  141  25:27  Marine x2  
  139  25:28  Orbital Command  
  139  25:29  Orbital Command  
  139  25:30  Orbital Command, Marine  
  139  25:34  Marauder, Marine  
  131  25:36  Viking x2, Marine x2  
  131  25:40  Marauder  
  117  25:43  Marauder, Marine  
  117  25:44  Marauder, Marine  
  117  25:45  Marine  
  117  25:49  Marauder  
  126  25:52  Marine  
  126  25:55  Medivac  
  126  25:56  Medivac, Ghost  
  127  25:58  Marine x2  
  127  26:01  Ghost  
  127  26:02  SCV  
  127  26:03  SCV  
  133  26:14  Marine  
  133  26:15  Marauder, Marine x2  
  138  26:19  SCV x2  
  138  26:24  Ghost  
  142  26:32  SCV x4  
  145  26:36  Marine x2  
  145  26:37  Marauder  
  148  26:51  Marine x3  
  148  26:52  Marauder x3  
  120  27:00  Marine x3  
  120  27:01  Marauder x2  
  86  27:15  Marine x2  
  86  27:16  Marauder x2, Marine  
  86  27:17  Orbital Command  
  93  27:28  Orbital Command  
  93  27:31  Ghost  
  95  27:37  Orbital Command  
  95  27:45  Marine x2  
Tags
 
Add a new tag
Caveats
  • Supply blocks, unpowered buildings, or Contaminate may cause inaccurate times.
  • Supply counts are checked every 10 seconds.